 Dungeon Crawl Stone Soup version 0.28-a0-1594-ga885d4b3d6 (webtiles) character file.

Game seed: 18197326687825146833

40 fragbeetle the Chiller (level 3, -1/26 HPs)
             Began as a Merfolk Ice Elementalist on Jan 21, 2022.
             Slain by a gnoll (6 damage)
             ... on level 4 of the Dungeon.
             The game lasted 00:03:26 (1440 turns).

fragbeetle the Chiller (Merfolk Ice Elementalist)   Turns: 1440, Time: 00:03:27

Health: -1/26      AC:  4    Str: 16    XL:     3   Next: 50%
Magic:  0/6        EV: 13    Int: 14    God:
Gold:   136        SH:  0    Dex: 14    Spells: 5/6 levels left

rFire   + + +      SeeInvis +   d - +0 dagger
rCold   . . .      Faith    .   (no shield)
rNeg    . . .      Spirit   .   j - +2 robe of the Serpent {Rampage *Slow rF++ SInv Stlth+}
rPois   .          Reflect  .   (no helmet)
rElec   .          Harm     .   (no cloak)
rCorr   .          Rampage  +   (no gloves)
Will    .....                   (no boots)
Stlth   +++.......              (no amulet)
HPRegen 0.08/turn               m - +6 ring of strength
MPRegen 0.10/turn               n - ring of protection from fire

@: no status effects
A: (nimble swimmer 2), mertail
a: no special abilities


You were on level 4 of the Dungeon.
You visited 1 branch of the dungeon, and saw 3 of its levels.

You collected 136 gold pieces.

Inventory:

Hand Weapons
 d - a +0 dagger (weapon)
Missiles
 c - 5 curare-tipped darts
Armour
 a - a +0 robe
 j - the +2 robe of the Serpent (worn) {Rampage *Slow rF++ SInv Stlth+}
   (You found it on level 2 of the Dungeon)

   rF:        It greatly protects you from fire.
   SInv:      It lets you see invisible.
   *Slow:     It may slow you when you take damage.
   Rampage:   It bestows one free step when moving towards enemies.
   Stlth:     It makes you more stealthy.
Magical Staves
 i - a staff of death
Jewellery
 m - a +6 ring of strength (left hand)
 n - a ring of protection from fire (right hand)
Scrolls
 g - 4 scrolls of identify {unknown}
 k - a scroll of fear {unknown}
Potions
 b - a potion of brilliance {unknown}
 e - a potion of curing
 f - a potion of berserk rage {unknown}
 h - a potion of mutation {unknown}
 l - a potion of might {unknown}


   Skills:
 + Level 1.4 Fighting
 + Level 3.3 Dodging
 - Level 2.1 Stealth
 - Level 2.0 Spellcasting
 * Level 5.1 Ice Magic


You had 5 spell levels left.
You knew the following spells:

 Your Spells              Type           Power      Damage    Failure   Level
a - Freeze                Ice            60%        1d8       3%          1

Your spell library contained the following spells:

 Spells                   Type           Power      Damage    Failure   Level
 Frozen Ramparts          Ice            30%        1d5       9%          3
 Ozocubu's Armour         Ice            15%        N/A       9%          3
 Hailstorm                Conj/Ice       8%         3d4       63%         4


Dungeon Overview and Level Annotations

Branches:
Dungeon (2/15)

Altars:


Innate Abilities, Weirdness & Mutations

((You are very nimble when in or above water. (Stealth+, EV+, Speed+++)))
Your lower body shifts to a powerful aquatic tail in water.


Message History

Unknown command.
There is an open door here.
You barely miss the gnoll. You punch the gnoll.
The gnoll is moderately wounded.
The gnoll hits you with a +0 club.
* * * LOW HITPOINT WARNING * * *
You hit the gnoll but do no damage.
The gnoll is moderately wounded.
The gnoll misses you.
You hit the gnoll.
The gnoll is moderately wounded.
The gnoll hits you with a +0 club.
* * * LOW HITPOINT WARNING * * *
It was a potion of curing.
You feel better. The gnoll hits you with a +0 club.
* * * LOW HITPOINT WARNING * * *
You hit the gnoll but do no damage.
The gnoll is moderately wounded.
The gnoll barely misses you.
You closely miss the gnoll.
The gnoll is moderately wounded.
The gnoll misses you.
You are too injured to fight recklessly!
Casting: Freeze (safe; 3% risk of failure)
Confirm with . or Enter, or press ? or * to list all spells.
Aiming: Freeze (safe; 3% risk of failure)
Press: ? - help, Shift-Dir - straight line, f - gnoll
Aim: a gnoll, wielding a +0 club (moderately wounded)
You freeze the gnoll.
The gnoll is severely wounded.
The gnoll barely misses you.
Unknown command.
Casting: Freeze (safe; 3% risk of failure)
Confirm with . or Enter, or press ? or * to list all spells.
Aiming: Freeze (safe; 3% risk of failure)
Press: ? - help, Shift-Dir - straight line, f/p - gnoll
Aim: a gnoll, wielding a +0 club (severely wounded)
You freeze the gnoll.
The gnoll is almost dead.
The gnoll hits you with a +0 club.
You die...

#....##..
################........
........................
........................
.####.....####.)........
##...##..#..##......
##.##...#..# ..#+#
#.#.รท.##..# ...
+#.#@.##...# ...
..###..g###....# ..
......8........# .
..###...###....# +#.#+
##...# #.# ##..# #.#
#..# ... ..# ... ..#


You could see a gnoll.

Vanquished Creatures
  A gnoll (D:4)
  An adder (D:2)
  A worm (D:4)
  2 ball pythons
  A bat (D:1)
  An endoplasm (D:1)
  A goblin (D:1)
  3 hobgoblins
  A kobold (D:1)
  A quokka (D:1)
  7 frilled lizards
20 creatures vanquished.

Notes
Turn   | Place    | Note
-------+----------+-------------------------------------------
     0 | D:1      | fragbeetle the Merfolk Ice Elementalist began the quest for
                  | the Orb.
     0 | D:1      | Reached XP level 1. HP: 13/13 MP: 3/3
   417 | D:1      | Reached XP level 2. HP: 16/20 MP: 5/5
   969 | D:2      | Identified the +2 robe of the Serpent {Rampage *Slow rF++
                  | SInv Stlth+}
  1047 | D:2      | Reached skill level 1 in Fighting
  1047 | D:2      | Reached XP level 3. HP: 26/26 MP: 4/6
  1106 | D:2      | Reached skill level 5 in Ice Magic
  1151 | D:2      | Found a faded altar of an unknown god.
  1167 | D:2      | You fall into a shaft and drop 2 floors!
  1214 | D:4      | Noticed a scorpion
  1435 | D:4      | HP: 1/26 [gnoll (5)]
  1440 | D:4      | Slain by a gnoll

Illustrated notes

Levels and vault maps discovered:
D:1:      ncdulo_watergridlock, layout_loops_ring, minmay_lizard_pond
D:2:      layout_basic, basic_ecumenical_altar
D:4:      cheibrodos_barr_body, layout_basic, serial_shops, shop

Skill      XL: |  1  2  3 |
---------------+----------+-----
Dodging        | 3 |  3.3
Fighting       | 1 |  1.4
Ice Magic      | 5 |  5.1
Stealth        | |  2.1
Spellcasting   | |  2.0

Action                   || total
-------------------------++-------
Melee: Dagger            ||    57
       Punch             ||     1
 Cast: Freeze            ||    18
  Use: Potion            ||     1
 Stab: Sleeping          ||     7
Armor: Robe              ||     9
Dodge: Dodged            ||    50

Table legend: (Time is in decaauts)
 A = Elapsed time spent in this place.
 B = Non-inter-level travel time spent in this place.
 C = Inter-level travel time spent in this place.
 D = Time resting spent in this place.
 E = Time spent auto-exploring this place.
 F = Levels seen in this place.
 G = Mean time per level.
                   A        B        C        D        E       F      G
               +--------+--------+--------+--------+--------+-----+--------+
         Total |   1435 |   1435 |      0 |    200 |    935 |   3 |  478.3 |
       Dungeon |   1435 |   1435 |      0 |    200 |    935 |   3 |  478.3 |
               +--------+--------+--------+--------+--------+-----+--------+

Top non-repeatable levels by time:
     D:1: 922 daAuts
     D:4: 271 daAuts
     D:2: 241 daAuts
